 Dungeon Crawl Stone Soup version 0.30.0-29-ga12c61a403 (webtiles) character file.

Game seed: 29979050542438869

18 FallenXxXSky the Ducker (level 2, -3/33 HPs)
             Began as a Merfolk Transmuter on June 21, 2023.
             Was a Follower of Lugonu.
             Slain by a gnoll
             ... wielding a +3 flail
              (5 damage)
             ... on level 1 of the Dungeon.
             The game lasted 00:02:25 (1201 turns).

FallenXxXSky the Ducker (Merfolk Transmuter)        Turns: 1201, Time: 00:02:26

Health: -3/33      AC: 21    Str: 10    XL:     2   Next: 70%
Magic:  5/5        EV:  2    Int: 12    God:    Lugonu [*.....]
Gold:   82         SH:  3    Dex: 14    Spells: 4/5 levels left

rFire   . . .        a - +0 whip
rCold   . . .        c - +0 buckler
rNeg    . . .        e - melded +0 leather armour
rPois   +            (helmet currently unavailable)
rElec   .            (cloak currently unavailable)
rCorr   .            (gloves currently unavailable)
SInv    .            (boots currently unavailable)
Will    .....        (no amulet)
Stlth   +            (no ring)
HPRegen 0.25/turn    (no ring)
MPRegen 0.09/turn

%: no passive effects
@: mighty, tree-form
A: stationary, stasis, torment immunity, boosted hp, (nimble swimmer 2),
(mertail)
a: Renounce Religion, Depart the Abyss


You were on level 1 of the Dungeon.
You worshipped Lugonu.
Lugonu was aware of your devotion.
You were a tree.
You visited 1 branch of the dungeon, and saw 2 of its levels.

You collected 82 gold pieces.

Inventory:

Hand Weapons
 a - a +0 whip (weapon)
Armour
 c - a +0 buckler (worn)
 e - a +0 leather armour (melded)
Jewellery
 j - a ring of protection from fire
Scrolls
 g - 3 scrolls of immolation {unknown}
 h - a scroll of brand weapon {unknown}
 i - 2 scrolls of identify {unknown}
Potions
 f - 5 potions of curing {unknown}
 k - a potion of brilliance {unknown}
 l - a potion of mutation {unknown}


   Skills:
 + Level 2.0 Fighting
 + Level 3.4 Dodging
 + Level 0.3 Shields
 - Level 3.3 Unarmed Combat
 - Level 2.0 Spellcasting
 - Level 2.7 Transmutations


You had 4 spell levels left.
You knew the following spells:

 Your Spells              Type           Power      Damage    Failure   Level
a - Beastly Appendage     Tmut           14%        N/A       13%         1

Your spell library contained the following spells:

 Spells                   Type           Power      Damage    Failure   Level
 Wereblood                Tmut           7%         N/A       21%         2
 Spider Form              Tmut/Pois      4%         N/A       56%         3
 Ice Form                 Ice/Tmut       4%         N/A       93%         4
 Olgreb's Toxic Radiance  Pois           1%         N/A       99%         4
 Summon Lightning Spire   Summ/Air       1%         N/A       99%         4
 Storm Form               Tmut/Air       2%         N/A       100%        7
 Discord                  Hex            0%         N/A       100%        8
 Ignition                 Fire           0%         3d3       100%        8
 Maxwell's Capacitive Co  Air            0%         ∞         100%        8


Dungeon Overview and Level Annotations

Branches:
Dungeon (2/15)

Altars:
Lugonu


Innate Abilities, Weirdness & Mutations

You are a tree.
Your roots penetrate the ground, keeping you stationary.
You cannot be teleported.
You are immune to unholy pain and torment.
Your maximum health is greatly increased.
Your equipment is partially melded.
((You are very nimble when in or above water. (Stealth+, EV+, Speed+++)))
((Your lower body shifts to a powerful aquatic tail in water.))


Message History

You block the rat's attack.
There are monsters nearby!
You hit the rat.
You kill the rat!
Lugonu accepts your kill.
Okay, then.
Unknown command.
There is a stone staircase leading up here.
The gnoll hits you with a +3 flail!
You climb upwards.
There is a stone staircase leading down here.
You barely miss the gnoll. The gnoll hits you with a +3 flail!
Okay, then.
Really quaff the potion of lignification?
You turn into a tree.
Your +0 leather armour melds into your body.
Your roots penetrate the ground.
The gnoll hits you but does no damage.
You hit the gnoll but do no damage. The gnoll barely misses you.
You block the gnoll's attack.
You hit the gnoll.
The gnoll is moderately wounded.
The gnoll hits you with a +3 flail.
* * * LOW HITPOINT WARNING * * *
You hit the gnoll.
The gnoll is heavily wounded.
The gnoll hits you but does no damage.
You barely miss the gnoll.
The gnoll is heavily wounded.
The gnoll hits you but does no damage.
You barely miss the gnoll.
The gnoll is heavily wounded.
The gnoll hits you with a +3 flail.
* * * LOW HITPOINT WARNING * * *
You barely miss the gnoll.
The gnoll is heavily wounded.
The gnoll hits you but does no damage. x2
It was a potion of might.
You feel very mighty all of a sudden. The gnoll hits you with a +3 flail.
You die...

##### #.#.#
#######.#.###
............#
....)...#.#.#
######..#.#.##########
#...............#
#....#.######.###
#.........g♣....#
######....#.######.###
..........#.# #.#
#####.....#.# #.#
...##.....#.# #.#
..........#.######.###
.....................#
#..##..#..#.######.###
.......#...........###


You could see a gnoll.

Vanquished Creatures
  2 endoplasms
  A giant cockroach (D:2)
  3 goblins (D:1)
  3 hobgoblins
  4 kobolds (D:1)
  A bat (D:2)
  2 rats
16 creatures vanquished.

Notes
Turn   | Place    | Note
-------+----------+-------------------------------------------
     0 | D:1      | FallenXxXSky the Merfolk Transmuter began the quest for the
                  | Orb.
     0 | D:1      | Reached XP level 1. HP: 15/15 MP: 3/3
    96 | D:1      | Found a faded altar of an unknown god.
   121 | D:1      | Prayed at the altar of an unknown god.
   121 | D:1      | Became a worshipper of Lugonu the Unformed
   121 | D:1      | Reached * piety under Lugonu
   274 | D:1      | Reached XP level 2. HP: 21/21 MP: 5/5
  1199 | D:1      | HP: 1/33 [gnoll/+3 flail (6)]
  1201 | D:1      | Slain by a gnoll

Illustrated notes

Levels and vault maps discovered:
D:1:      amcnicky_arrival_abandoned_market, layout_basic,
          basic_ecumenical_altar
D:2:      layout_rooms, uniq_crazy_yiuf_cottage

Skill      XL: |  1  2 |
---------------+-------+-----
Dodging        | 3 |  3.4
Fighting       | 2 |  2.0
Shields        | |  0.3
Unarmed Combat | |  3.3
Spellcasting   | |  2.0
Transmutations | |  2.7

Action                     || total
---------------------------++-------
  Melee: Unarmed           ||    13
         Whip              ||    45
   Cast: Beastly Appendage ||     1
    Use: Potion            ||     2
   Stab: Sleeping          ||     1
 Armour: Robe              ||     1
         Leather armour    ||     9
         Skin              ||     5
  Dodge: Dodged            ||    31
  Block: Buckler           ||    10
